| TOP OF THE 1ST |
|
Minnesota Twins batting - Pitching for Seattle Mariners : RHP Steve Busby
|
|
Pitching: RHP Steve Busby
|
|
|
Batting: SHB Jerry Mumphrey
|
0-0: Ball 1-0: Foul Ball, location: 2F 1-1: Called Strike 1-2: Ball 2-2: Foul Ball, location: 2F 2-2: Ground out 5-3 (Groundball, 56S, EV 85.6 MPH)
|
|
Batting: RHB Steve Brye
|
0-0: Foul Ball, location: 2F 0-1: Ball 1-1: Ball 2-1: Swinging Strike 2-2: Ball 3-2: Ground out 4-3 (Groundball, 4, EV 78.8 MPH)
|
|
Batting: RHB Matt Cooper
|
0-0: Ball 1-0: Ground out U3 (Groundball, 34S, EV 65.0 MPH)
|
| Top of the 1st over - 0 runs, 0 hits, 0 errors, 0 left on base; Minnesota 0 - Seattle 0 |
| BOTTOM OF THE 1ST |
|
Seattle Mariners batting - Pitching for Minnesota Twins : RHP John Martin
|
|
Pitching: RHP John Martin
|
|
|
Batting: LHB Mike Stenhouse
|
0-0: Ball 1-0: Ball 2-0: Fly out, F9 (Flyball, 9LM, EV 91.3 MPH)
|
|
Batting: LHB Don Mattingly
|
0-0: Foul Ball, location: 2F 0-1: Called Strike 0-2: Ball 1-2: SINGLE (Groundball, 3D, EV 101.9 MPH)
|
|
Batting: RHB Robin Yount
|
0-0: Ball Don Mattingly steals 2nd base 1-0: Swinging Strike 1-1: Swinging Strike 1-2: Ball 2-2: Strikes out swinging
|
|
Batting: LHB Chris Wynn
|
0-0: Swinging Strike 0-1: Swinging Strike 0-2: Ball 1-2: Foul Ball, location: 2F 1-2: Strikes out swinging
|
| Bottom of the 1st over - 0 runs, 1 hit, 0 errors, 1 left on base; Minnesota 0 - Seattle 0 |
| TOP OF THE 2ND |
|
Minnesota Twins batting - Pitching for Seattle Mariners : RHP Steve Busby
|
|
Batting: RHB Randy Edwards
|
0-0: Called Strike 0-1: Ground out U3 (Groundball, 23, EV 88.1 MPH)
|
|
Batting: RHB Chet Lemon
|
0-0: Called Strike 0-1: Swinging Strike 0-2: Foul Ball, location: 2F 0-2: Foul Ball, location: 2F 0-2: Foul Ball, location: 2F 0-2: Foul Ball, location: 2F 0-2: Fly out, F9 (Flyball, 89D, EV 93.1 MPH)
|
|
Batting: SHB Tony Bernazard
|
0-0: Fly out, F9 (Flyball, 9D, EV 79.4 MPH)
|
| Top of the 2nd over - 0 runs, 0 hits, 0 errors, 0 left on base; Minnesota 0 - Seattle 0 |
| BOTTOM OF THE 2ND |
|
Seattle Mariners batting - Pitching for Minnesota Twins : RHP John Martin
|
|
Batting: RHB Tony Conigliaro
|
0-0: Fly out, F9 (Flyball, 9, EV 89.4 MPH)
|
|
Batting: LHB Ivan Flores
|
0-0: Called Strike 0-1: Foul Ball, location: 2F 0-2: Ball 1-2: Ball 2-2: Ball 3-2: Strikes out swinging
|
|
Batting: RHB Ryne Sandberg
|
0-0: Ball 1-0: Ball 2-0: Fly out, F8 (Flyball, 8RD, EV 82.5 MPH)
|
| Bottom of the 2nd over - 0 runs, 0 hits, 0 errors, 0 left on base; Minnesota 0 - Seattle 0 |
| TOP OF THE 3RD |
|
Minnesota Twins batting - Pitching for Seattle Mariners : RHP Steve Busby
|
|
Batting: LHB Eloy Escobedo
|
0-0: Ball 1-0: Called Strike 1-1: Called Strike 1-2: Fly out, F8 (Flyball, 8RS, EV 85.0 MPH)
|
|
Batting: LHB Ken Oberkfell
|
0-0: Ball 1-0: Ground out 6-3 (Groundball, 6M, EV 88.1 MPH)
|
|
Batting: RHB Taylor Duncan
|
0-0: Ball 1-0: Ground out 5-3 (Groundball, 56S, EV 80.0 MPH)
|
| Top of the 3rd over - 0 runs, 0 hits, 0 errors, 0 left on base; Minnesota 0 - Seattle 0 |
| BOTTOM OF THE 3RD |
|
Seattle Mariners batting - Pitching for Minnesota Twins : RHP John Martin
|
|
Batting: RHB Ozzie Virgil
|
0-0: Ball 1-0: Ball 2-0: Ball 3-0: Called Strike 3-1: SINGLE (Groundball, 56D, EV 103.8 MPH)
|
|
Batting: RHB Kurt Cunningham
|
0-0: Called Strike 0-1: Ball 1-1: Sac Bunt to 2R - play at first, batter OUT! 2-3 Ozzie Virgil to second
|
|
Batting: LHB Mike Stenhouse
|
0-0: Ball 1-0: Fly out, F5 (Popup, 5F, EV 73.8 MPH)
|
|
Batting: LHB Don Mattingly
|
0-0: Called Strike 0-1: Ball 1-1: SINGLE (Line Drive, 4MD, EV 99.4 MPH) Ozzie Virgil to third Runner from 3rd tries for Home, SAFE, throw by CF to home
|
|
Batting: RHB Robin Yount
|
0-0: Ground out 4-3 (Groundball, 4, EV 76.9 MPH)
|
| Bottom of the 3rd over - 1 run, 2 hits, 0 errors, 1 left on base; Minnesota 0 - Seattle 1 |
| TOP OF THE 4TH |
|
Minnesota Twins batting - Pitching for Seattle Mariners : RHP Steve Busby
|
|
Batting: SHB Jerry Mumphrey
|
0-0: Ball 1-0: Called Strike 1-1: Foul Ball, location: 2F 1-2: Ball 2-2: Ball 3-2: Foul Ball, location: 2F 3-2: Ground out 6-3 (Groundball, 15, EV 83.1 MPH)
|
|
Batting: RHB Steve Brye
|
0-0: Ball 1-0: Ball 2-0: Ball 3-0: Called Strike 3-1: Called Strike 3-2: Fly out, F9 (Line Drive, 9D, EV 91.3 MPH)
|
|
Batting: RHB Matt Cooper
|
0-0: Ball 1-0: SINGLE (Flyball, 9S, EV 89.4 MPH)
|
|
Batting: RHB Randy Edwards
|
0-0: Called Strike 0-1: Fielders Choice at 2nd, 6-4 (Groundball, 6MD, EV 98.8 MPH)
|
| Top of the 4th over - 0 runs, 1 hit, 0 errors, 1 left on base; Minnesota 0 - Seattle 1 |
| BOTTOM OF THE 4TH |
|
Seattle Mariners batting - Pitching for Minnesota Twins : RHP John Martin
|
|
Batting: LHB Chris Wynn
|
0-0: Ball 1-0: Called Strike 1-1: Fly out, F8 (Flyball, 8LM, EV 73.1 MPH)
|
|
Batting: RHB Tony Conigliaro
|
0-0: Fly out, F7 (Flyball, 7S, EV 90.6 MPH)
|
|
Batting: LHB Ivan Flores
|
0-0: Called Strike 0-1: Foul Ball, location: 2F 0-2: Ball 1-2: Foul Ball, location: 2F 1-2: Ball 2-2: Foul Ball, location: 2F 2-2: Ball 3-2: Base on Balls
|
|
Batting: RHB Ryne Sandberg
|
0-0: Ball 1-0: Fielders Choice at 2nd, 6-4 (Groundball, 6, EV 101.3 MPH)
|
| Bottom of the 4th over - 0 runs, 0 hits, 0 errors, 1 left on base; Minnesota 0 - Seattle 1 |
| TOP OF THE 5TH |
|
Minnesota Twins batting - Pitching for Seattle Mariners : RHP Steve Busby
|
|
Batting: RHB Chet Lemon
|
0-0: Foul Ball, location: 2F 0-1: Fly out, F9 (Line Drive, 9, EV 93.8 MPH)
|
|
Batting: SHB Tony Bernazard
|
0-0: Ball 1-0: Called Strike 1-1: Ball 2-1: SINGLE (Flyball, 7LS, EV 90.6 MPH)
|
|
Batting: LHB Eloy Escobedo
|
0-0: Called Strike 0-1: Reached on error, E1 (Groundball, 13, EV 71.9 MPH) Tony Bernazard to second
|
|
Batting: LHB Ken Oberkfell
|
0-0: Called Strike 0-1: Ball 1-1: Foul Ball, location: 2F 1-2: Foul Ball, location: 2F 1-2: Ball 2-2: Ball 3-2: Foul Ball, location: 2F 3-2: DOUBLE (Line Drive, 78D, EV 112.5 MPH) Tony Bernazard scores Eloy Escobedo to third Runner from 3rd tries for Home, SAFE, throw by LF to home
|
|
Batting: RHB Taylor Duncan
|
0-0: Foul Ball, location: 2F 0-1: Ball Wild Pitch! Ken Oberkfell to third 1-1: Foul Ball, location: 2F 1-2: Ball 2-2: Ground out 6-3 (Groundball, 6, EV 80.6 MPH)
|
|
Batting: SHB Jerry Mumphrey
|
0-0: SINGLE (Line Drive, 7S, EV 104.4 MPH) Ken Oberkfell scores
|
|
Batting: RHB Steve Brye
|
0-0: Ball 1-0: Swinging Strike 1-1: Ball 2-1: Ball 3-1: Base on Balls Jerry Mumphrey to second
|
|
Batting: RHB Matt Cooper
|
0-0: Ball 1-0: Swinging Strike 1-1: Fly out, F7 (Line Drive, 7, EV 90.6 MPH)
|
| Top of the 5th over - 3 runs, 3 hits, 1 error, 2 left on base; Minnesota 3 - Seattle 1 |
| BOTTOM OF THE 5TH |
|
Seattle Mariners batting - Pitching for Minnesota Twins : RHP John Martin
|
|
Batting: RHB Ozzie Virgil
|
0-0: Called Strike 0-1: Ball 1-1: Ball 2-1: Ball 3-1: Called Strike 3-2: Base on Balls
|
|
Batting: RHB Kurt Cunningham
|
0-0: Called Strike 0-1: Bunt missed! 0-2: Ball 1-2: SINGLE (Line Drive, 34D, EV 105.6 MPH) Ozzie Virgil to second
|
|
Batting: LHB Mike Stenhouse
|
0-0: Sac Bunt to 2R - play at first, batter OUT! 2-3 Ozzie Virgil to third Kurt Cunningham to second
|
|
Batting: LHB Don Mattingly
|
0-0: Ball 1-0: Ball 2-0: SINGLE (Line Drive, 9S, EV 103.8 MPH) Ozzie Virgil scores Kurt Cunningham to third Runner from 3rd tries for Home, SAFE, throw by RF to home
|
|
Batting: RHB Robin Yount
|
0-0: Foul Ball, location: 2F 0-1: Fielders Choice at 2nd, 6-4 (Groundball, 6, EV 78.8 MPH)
|
|
Batting: LHB Chris Wynn
|
0-0: Ball 1-0: Called Strike Robin Yount steals 2nd base 1-1: Fly out, F8 (Flyball, 8RD, EV 97.5 MPH)
|
| Bottom of the 5th over - 2 runs, 2 hits, 0 errors, 1 left on base; Minnesota 3 - Seattle 3 |
| TOP OF THE 6TH |
|
Minnesota Twins batting - Pitching for Seattle Mariners : RHP Steve Busby
|
|
Batting: RHB Randy Edwards
|
0-0: Called Strike 0-1: Foul Ball, location: 2F 0-2: Ball 1-2: Ground out 5-3 (Groundball, 56S, EV 72.5 MPH)
|
|
Batting: RHB Chet Lemon
|
0-0: Ball 1-0: Fly out, F4 (Popup, 4S, EV 86.3 MPH)
|
|
Batting: SHB Tony Bernazard
|
0-0: Ball 1-0: Called Strike 1-1: Swinging Strike 1-2: Ball 2-2: Ground out 5-3 (Groundball, 56S, EV 86.3 MPH)
|
| Top of the 6th over - 0 runs, 0 hits, 0 errors, 0 left on base; Minnesota 3 - Seattle 3 |
| BOTTOM OF THE 6TH |
|
Seattle Mariners batting - Pitching for Minnesota Twins : RHP John Martin
|
|
Batting: RHB Tony Conigliaro
|
0-0: Called Strike 0-1: Ball 1-1: Ball 2-1: DOUBLE (Flyball, 89XD, EV 104.4 MPH)
|
|
Batting: LHB Ivan Flores
|
0-0: Fly out, F5 (Line Drive, 5, EV 64.4 MPH)
|
|
Batting: RHB Ryne Sandberg
|
0-0: SINGLE (Line Drive, 9LS, EV 98.8 MPH) Tony Conigliaro to third
|
|
Batting: RHB Ozzie Virgil
|
0-0: Called Strike 0-1: Swinging Strike 0-2: Fly out, F3 (Popup, 34S, EV 73.8 MPH)
|
|
Batting: RHB Kurt Cunningham
|
0-0: Ball 1-0: Fly out, F9 (Flyball, 89D, EV 110.0 MPH)
|
| Bottom of the 6th over - 0 runs, 2 hits, 0 errors, 2 left on base; Minnesota 3 - Seattle 3 |
| TOP OF THE 7TH |
|
Minnesota Twins batting - Pitching for Seattle Mariners : RHP Steve Busby
|
|
Batting: LHB Eloy Escobedo
|
0-0: Foul Ball, location: 2F 0-1: Ball 1-1: Fly out, F7 (Flyball, 7LD, EV 101.3 MPH)
|
|
Batting: LHB Ken Oberkfell
|
0-0: Foul Ball, location: 2F 0-1: Fly out, F4 (Line Drive, 4, EV 71.9 MPH)
|
|
Batting: RHB Taylor Duncan
|
0-0: Ball 1-0: Called Strike 1-1: Ball 2-1: Called Strike 2-2: Ball 3-2: Ground out 1-3 (Groundball, 34S, EV 73.8 MPH)
|
| Top of the 7th over - 0 runs, 0 hits, 0 errors, 0 left on base; Minnesota 3 - Seattle 3 |
| BOTTOM OF THE 7TH |
|
Seattle Mariners batting - Pitching for Minnesota Twins : RHP John Martin
|
|
Batting: LHB Mike Stenhouse
|
0-0: Ball 1-0: Ball 2-0: Ball 3-0: Base on Balls
|
|
Batting: LHB Don Mattingly
|
0-0: Ball 1-0: Ball 2-0: Called Strike 2-1: Foul Ball, location: 2F 2-2: Fly out, F5 (Flyball, 5D, EV 88.1 MPH)
|
|
Batting: RHB Robin Yount
|
0-0: Ball 1-0: Called Strike 1-1: Ball 2-1: Foul Ball, location: 2F 2-2: Fly out, F8 (Flyball, 8LXD, EV 88.8 MPH)
|
|
Batting: LHB Chris Wynn
|
0-0: Ball Passed Ball! Mike Stenhouse to second 1-0: Foul Ball, location: 2F 1-1: Foul Ball, location: 2F 1-2: Strikes out looking
|
| Bottom of the 7th over - 0 runs, 0 hits, 0 errors, 1 left on base; Minnesota 3 - Seattle 3 |
| TOP OF THE 8TH |
|
Minnesota Twins batting - Pitching for Seattle Mariners : RHP Steve Busby
|
|
Batting: SHB Jerry Mumphrey
|
0-0: Called Strike 0-1: Ground out 6-3 (Groundball, 6, EV 82.5 MPH)
|
|
Pitching: RHP Nick Bowditch
|
|
|
Batting: RHB Steve Brye
|
0-0: Called Strike 0-1: Ball 1-1: Swinging Strike 1-2: Ground out 6-3 (Groundball, 6, EV 81.3 MPH)
|
|
Batting: RHB Matt Cooper
|
0-0: Foul Ball, location: 2F 0-1: Ground out 5-3 (Groundball, 56, EV 83.8 MPH)
|
| Top of the 8th over - 0 runs, 0 hits, 0 errors, 0 left on base; Minnesota 3 - Seattle 3 |
| BOTTOM OF THE 8TH |
|
Seattle Mariners batting - Pitching for Minnesota Twins : RHP John Martin
|
|
Pitching: RHP Stephen Fuller
|
|
|
Batting: RHB Tony Conigliaro
|
0-0: Called Strike 0-1: Foul Ball, location: 2F 0-2: Ball 1-2: Strikes out swinging
|
|
Batting: LHB Ivan Flores
|
0-0: Ball 1-0: SINGLE (Groundball, 6MD, EV 96.9 MPH)
|
|
Batting: RHB Ryne Sandberg
|
0-0: Called Strike 0-1: Foul Ball, location: 2F 0-2: Ball 1-2: Strikes out looking
|
|
Batting: RHB Ozzie Virgil
|
0-0: Ball 1-0: Ball 2-0: Called Strike 2-1: Called Strike 2-2: Fly out, F4 (Popup, 13S, EV 82.5 MPH)
|
| Bottom of the 8th over - 0 runs, 1 hit, 0 errors, 1 left on base; Minnesota 3 - Seattle 3 |
| TOP OF THE 9TH |
|
Minnesota Twins batting - Pitching for Seattle Mariners : RHP Nick Bowditch
|
|
Batting: RHB Randy Edwards
|
0-0: Ball 1-0: Ball 2-0: Ground out 5-3 (Groundball, 56S, EV 80.6 MPH)
|
|
Batting: RHB Chet Lemon
|
0-0: Called Strike 0-1: Ball 1-1: Called Strike 1-2: Strikes out swinging
|
|
Batting: SHB Tony Bernazard
|
0-0: Called Strike 0-1: Swinging Strike 0-2: Foul Ball, location: 2F 0-2: Strikes out swinging
|
| Top of the 9th over - 0 runs, 0 hits, 0 errors, 0 left on base; Minnesota 3 - Seattle 3 |
| BOTTOM OF THE 9TH |
|
Seattle Mariners batting - Pitching for Minnesota Twins : RHP Stephen Fuller
|
|
Pinch Hitting: LHB Jose Perales
|
0-0: Called Strike 0-1: Ball 1-1: Foul Ball, location: 2F 1-2: Ball 2-2: Ground out 6-3 (Groundball, 6, EV 83.8 MPH)
|
|
Batting: LHB Mike Stenhouse
|
0-0: Ball 1-0: Ball 2-0: Ball 3-0: Called Strike 3-1: SINGLE (Flyball, 8LS, EV 95.0 MPH)
|
|
Batting: LHB Don Mattingly
|
0-0: Called Strike 0-1: Ball Wild Pitch! Mike Stenhouse to second 1-1: Ball 2-1: Ball 3-1: Called Strike 3-2: Foul Ball, location: 2F 3-2: Ground out 5-3 (Groundball, 56S, EV 70.6 MPH) Mike Stenhouse to third
|
|
Batting: RHB Robin Yount
|
0-0: Ball 1-0: Called Strike 1-1: Ball 2-1: Foul Ball, location: 2F 2-2: Ball 3-2: Foul Ball, location: 2F 3-2: Strikes out swinging
|
| Bottom of the 9th over - 0 runs, 1 hit, 0 errors, 1 left on base; Minnesota 3 - Seattle 3 |
| TOP OF THE 10TH |
|
Minnesota Twins batting - Pitching for Seattle Mariners : RHP Nick Bowditch
|
|
Now at 3B: Jose Perales
|
|
|
Batting: LHB Eloy Escobedo
|
0-0: Called Strike 0-1: Foul Ball, location: 2F 0-2: Ball 1-2: Fly out, F9 (Flyball, 9S, EV 79.4 MPH)
|
|
Batting: LHB Ken Oberkfell
|
0-0: Called Strike 0-1: Swinging Strike 0-2: Ground out 4-3 (Groundball, 4M, EV 81.3 MPH)
|
|
Pinch Hitting: RHB George Foster
|
0-0: Called Strike 0-1: SINGLE (Groundball, P, EV 81.3 MPH) (infield hit)
|
|
Batting: SHB Jerry Mumphrey
|
0-0: Foul Ball, location: 2F 0-1: Ball 1-1: Ball 2-1: Foul Ball, location: 2F 2-2: SINGLE (Line Drive, 6D, EV 98.1 MPH) George Foster to second
|
|
Pitching: RHP Tommy Boggs
|
|
|
Batting: RHB Steve Brye
|
0-0: Called Strike 0-1: Called Strike 0-2: Ball 1-2: DOUBLE (Line Drive, 9LS, EV 103.8 MPH) George Foster scores Jerry Mumphrey to third Runner from 3rd tries for Home, SAFE, throw by RF to trailing runner, SAFE at third!
|
|
Batting: RHB Matt Cooper
|
0-0: Ball 1-0: Ball 2-0: Foul Ball, location: 2F 2-1: Foul Ball, location: 2F 2-2: Ball 3-2: Foul Ball, location: 2F 3-2: Reached on error, E7 (Line Drive, 7D, EV 98.8 MPH) Steve Brye scores
|
|
Batting: RHB Randy Edwards
|
0-0: Swinging Strike 0-1: Swinging Strike 0-2: Foul Ball, location: 2F 0-2: Ball 1-2: Strikes out swinging
|
| Top of the 10th over - 3 runs, 3 hits, 1 error, 1 left on base; Minnesota 6 - Seattle 3 |
| BOTTOM OF THE 10TH |
|
Seattle Mariners batting - Pitching for Minnesota Twins : RHP Stephen Fuller
|
|
Now at C: Tom Brown
|
|
|
Now at 3B: Aurelio Rodriguez
|
|
|
Batting: LHB Chris Wynn
|
0-0: Ball 1-0: Ball 2-0: Fly out, F8 (Flyball, 78D, EV 80.6 MPH)
|
|
Batting: RHB Tony Conigliaro
|
0-0: Foul Ball, location: 2F 0-1: Foul Ball, location: 2F 0-2: Ball 1-2: SINGLE (Line Drive, 9S, EV 103.1 MPH)
|
|
Pitching: LHP Tom Hall
|
|
|
Batting: LHB Ivan Flores
|
0-0: Ball 1-0: Fly out, F9 (Flyball, 89D, EV 90.0 MPH)
|
|
Batting: RHB Ryne Sandberg
|
0-0: Foul Ball, location: 2F 0-1: Fly out, F9 (Flyball, 9LM, EV 93.8 MPH)
|
| Bottom of the 10th over - 0 runs, 1 hit, 0 errors, 1 left on base; Minnesota 6 - Seattle 3 |
|